Map: Rhoskallian LE

Players

Nyck - Winner!

  • Race: Terran Terran
  • Spawn Location: 11:00

Ekelpack - Winner!

  • Race: Zerg Zerg
  • Spawn Location: 12:00

strip

  • Race: Zerg Zerg
  • Spawn Location: 6:00

Mclovin

  • Race: Terran Terran
  • Spawn Location: 5:00

VOD

Have the link to the VOD?

Description

Time

  • Played on: Aug. 20, 2024, 4:13 p.m.
  • Length: 5:23
Show
View Real Time Build Order
Export as new Build Order

Nyck Terran - Winner!

Build Orders:  

Get SALT Encoding   

  12  0:00  SCV  
  13  0:14  SCV  
  13  0:18  Supply Depot  
  14  0:27  SCV  
  15  0:40  SCV  
  15  0:41  Barracks  
  16  0:52  SCV  
  16  0:54  Refinery  
  17  1:04  SCV  
  18  1:07  Barracks  
  18  1:16  SCV  
  19  1:28  Orbital Command  
  19  1:31  Marine  
  20  1:40  Supply Depot  
  20  1:54  SCV  
  20  1:56  Barracks  
  20  1:58  Refinery  
  20  1:59  Marine  
  22  2:01  Marine  
  22  2:08  SCV  
  24  2:12  Supply Depot  
  24  2:18  Barracks Tech Lab  
  24  2:20  Barracks Tech Lab  
  24  2:22  SCV  
  25  2:34  SCV  
  26  2:38  Marauder  
  26  2:39  Marauder  
  26  2:41  Combat Shield  
  26  2:43  Concussive Shells  
  30  2:52  SCV  
  30  2:53  Marine  
  32  3:04  SCV  
  33  3:25  Command Center  
  33  3:29  Marine, Marauder x2  
  33  3:31  SCV  
  39  3:42  Engineering Bay  
  39  3:47  Engineering Bay  
  39  4:21  SCV  
  37  4:33  SCV  
  37  4:37  SCV  
  39  4:42  Refinery  
  38  4:45  SCV  
  39  4:57  SCV  
  39  4:58  SCV  
  40  5:10  SCV  
Show
View Real Time Build Order
Export as new Build Order

Ekelpack Zerg - Winner!

Build Orders: Pool First 

Get SALT Encoding   

  12  0:00  Drone  
  13  0:13  Overlord  
  13  0:18  Drone  
  14  0:32  Drone  
  14  0:33  Drone  
  16  0:38  Drone  
  17  0:47  Spawning Pool  
  16  0:50  Drone  
  17  0:58  Drone  
  17  1:00  Extractor  
  17  1:09  Drone  
  18  1:19  Drone  
  19  1:29  Overlord  
  19  1:35  Queen  
  19  1:36  Roach Warren  
  20  1:41  Drone  
  21  1:52  Drone  
  22  1:55  Extractor  
  21  2:02  Drone  
  22  2:12  Drone  
  23  2:24  Roach  
  25  2:39  Roach  
  25  2:44  Hatchery, Roach  
  26  2:45  Roach  
  26  2:46  Overlord  
  30  3:09  Roach x3  
  36  3:19  Lair  
  36  3:21  Roach  
  36  3:24  Overlord  
  38  3:42  Drone x2  
  38  3:43  Drone  
  39  4:04  Roach x3  
  45  4:14  Roach  
  47  4:36  Overlord, Roach x2  
  47  4:37  Overlord  
  51  4:58  Roach x2  
  51  4:59  Roach x3  
Show
View Real Time Build Order
Export as new Build Order

strip Zerg 

Build Orders: Hatch First 

Get SALT Encoding   

  12  0:00  Drone  
  13  0:13  Overlord  
  13  0:18  Drone  
  14  0:31  Drone x2  
  14  0:35  Drone  
  17  0:46  Drone  
  18  0:57  Drone  
  19  1:10  Hatchery  
  18  1:12  Drone  
  18  1:18  Drone, Extractor  
  19  1:29  Drone  
  19  1:30  Spawning Pool  
  19  1:39  Drone  
  20  1:50  Drone  
  21  2:00  Drone  
  22  2:06  Extractor  
  21  2:12  Drone  
  22  2:23  Hatchery  
  22  2:24  Drone x2  
  23  2:33  Metabolic Boost  
  23  2:34  Drone  
  23  2:35  Drone  
  25  2:43  Overlord x2  
  25  2:55  Drone x2  
  27  3:06  Queen  
  27  3:07  Queen  
  27  3:09  Drone x2  
  33  3:16  Drone x2  
  35  3:32  Zergling x4  
  35  3:34  Spine Crawler  
  36  3:35  Zergling x2  
  36  3:38  Zergling x4  
  36  3:40  Queen  
  41  3:50  Zergling x6  
  41  4:05  Queen  
  37  4:32  Spine Crawler  
  37  4:34  Spine Crawler  
  37  4:35  Zergling x14  
  37  4:36  Zergling x10  
Show
View Real Time Build Order
Export as new Build Order

Mclovin Terran 

Build Orders:  

Get SALT Encoding   

  12  0:00  SCV  
  13  0:16  SCV  
  13  0:20  Supply Depot  
  14  0:28  SCV  
  15  0:51  Barracks  
  15  0:52  SCV  
  16  1:01  Refinery  
  16  1:04  SCV  
  17  1:16  SCV  
  18  1:46  Orbital Command  
  18  1:59  Barracks Tech Lab  
  18  2:06  Barracks  
  18  2:09  Command Center  
  18  2:13  Supply Depot  
  18  2:20  Marine  
  19  2:38  Marine  
  19  2:40  SCV  
  21  2:48  Factory  
  21  2:52  SCV  
  21  2:55  Refinery  
  22  3:04  SCV  
  22  3:05  Supply Depot  
  23  3:09  Marine  
  24  3:13  Barracks Reactor  
  24  3:23  SCV  
  25  3:27  Marine  
  26  3:36  SCV  
  27  3:47  Factory Tech Lab  
  27  3:52  Factory  
  27  3:54  SCV  
  28  3:56  SCV  
  28  4:06  SCV  
  28  4:08  SCV  
  27  4:13  Marine  
  27  4:14  Marine x2  
  30  4:21  Siege Tank  
  33  4:31  Marine  
  33  4:32  Marine x2  
  35  4:49  Marine x3  
Tags
 
Add a new tag
Caveats
  • Supply blocks, unpowered buildings, or Contaminate may cause inaccurate times.
  • Supply counts are checked every 10 seconds.